[Event "*** Titled Tuesday Blitz"]
[Site "Chess.com"]
[Date "2019.01.01"]
[Round "2"]
[White "wannabe2700"]
[Black "GMKrikor"]
[Result "0-1"]
[WhiteElo "2530"]
[BlackElo "2731"]
[TimeControl "180+2"]
[EndTime "13:24:29 PST"]
[Termination "GMKrikor won by resignation"]

1. e4 c5 2. Nf3 g6 3. d4 cxd4 4. Nxd4 Nc6 5. c4 Nf6 6. Nc3 d6 7. Be2 Nxd4 8. Qxd4 Bg7 9. Be3 O-O 10. Qd2 a5 11.
O-O a4 12. h3 Be6 13. Qc2 Qa5 14. Rad1 Rfc8 15. b3 axb3 16. axb3 Nd7 17. Bd4 Bxd4 18. Rxd4 Qb6 19. Rdd1 Nc5 20. Rb1 Qb4 21. Na2 Qa3 22. Nc3 Qb4 23. Na2 Qb6 24. Nc3 Nd7 25. Kh2 Ra3 26. f4 Nf6 27. f5 Bd7 28. Bd3 Qd4 29. Rbd1 Qe5+ 30. Kg1 Bc6 31. Nb1 Ra1 32. Nc3 Rxd1 33. Rxd1 Ra8 34. fxg6 hxg6 35. Nd5 Bxd5 36. exd5 Kg7 37. Be2 Qe3+ 38. Kh2 Ne4 39. Bf3 Ng5 40. Bg4 Qf4+ 41. g3 Qe3 42. Rd3 Qe5 43. h4 Ne4 44.
Bh3 Ra1 45. Bg2 Nf6 46. Qc3 Ng4+ 47. Kh3 Nf2+ 48. Kh2 Nxd3 49. Qxd3 Ra2 50. Kh3 Qf5+ 51. Qxf5 gxf5 52. Bf3 Rb2 53. Bd1 Rd2 54. Bh5 Rd3 55.
Kg2 Rxb3 56. Kf2 Kf6 57. Be2 Rc3 58. Bf1 b6 59. Kg2 e6 60. Kf2 e5 61. Kg2 e4 62.
Be2 Ke5 63. Kf2 f4 64. gxf4+ Kxf4 65. h5 Rh3 66. Kg2 Rh4 67. c5 bxc5 68. Bd1 f5 69. Be2 Kg5 70. Kg3 Rxh5 71. Bxh5 Kxh5 72. Kf4 e3 73.
Kxf5 e2 0-1

[Event "*** Titled Tuesday Blitz"]
[Site "Chess.com"]
[Date "2019.01.01"]
[Round "2"]
[White "ChessMavenYeti"]
[Black "PenguinPacks"]
[Result "0-1"]
[WhiteElo "2091"]
[BlackElo "2216"]
[TimeControl "180+2"]
[EndTime "13:24:29 PST"]
[Termination "PenguinPacks won by resignation"]

1. d4 Nf6 2. c4 e6 3. Nf3 b6 4.
g3 Bb7 5. Bg2 d5 6. O-O Nbd7 7.
Qc2 Bd6 8. cxd5 exd5 9. Nc3 O-O 10. Nb5 Rc8 11. Nxd6 cxd6 12. Qd3 Ne4 13. Bf4 f5 14. h4 h6 15. Rac1 Qe7 16. Rfe1 g5 17. hxg5 hxg5 18. Bd2 f4 19. Bb4 fxg3 20. fxg3 Ndf6 21. Rxc8 Bxc8 22. Nd2 Bf5 23. Rf1 Ng4 24. Nxe4 Qh7 25. Rxf5 Qh2+ 26. Kf1 Rxf5+ 27. Ke1 Qxg2 28. Nxd6 Rf6 29. Kd2 a5 30. Ba3 Nf2 31. Qe3 Ne4+ 32. Nxe4 Qxe4 33. Qxg5+ Rg6 34.
Qd8+ Kh7 35. Qh4+ Qxh4 36. gxh4 Rg4 37. Be7 Rxd4+ 38. Kc3 Rc4+ 39. Kd3 Kg6 40. Bg5 Kf5 41.
e3 a4 42. b3 axb3 43. axb3 Rb4 44. Kc3 Rg4 45. Kd3 Ke5 46. Kc3 Kd6 47. Kd3 Kc5 48.
Kc3 Kb5 49. Be7 Re4 50. Bg5 Ka5 51. Bf4 Kb5 52. Bg5 Kc5 53. Bf4 b5 54. b4+ Kc6 55. h5 d4+ 56. Kd3 Kd5 57. h6 dxe3 58. h7 Re8 59. Bxe3 Rh8 60. Bc5 Rxh7 61. Kc3 Rh3+ 62.
Kc2 Kc4 63. Bd6 Rc3+ 64. Kb2 Rd3 65. Bc5 Rd2+ 66. Kc1 Rg2 67. Kb1 Re2 68. Kc1 Kb3 69. Bf8 Rc2+ 70. Kd1 Rc4 71. Be7 Re4 72. Bc5 Rxb4 73.
Bxb4 Kxb4 74. Kc2 Ka3 75. Kb1 Kb3 76. Ka1 Kc2 77. Ka2 b4 78. Ka1 Kc3 79. Ka2 Kc2 80. Ka1 Kb3 81. Kb1 Ka3 82. Ka1 b3 83. Kb1 b2 84. Kc2 Ka2 0-1

[Event "*** Titled Tuesday Blitz"]
[Site "Chess.com"]
[Date "2019.01.01"]
[Round "2"]
[White "DmitryMaximov"]
[Black "VNeimer"]
[Result "1/2-1/2"]
[WhiteElo "2570"]
[BlackElo "2395"]
[TimeControl "180+2"]
[EndTime "13:24:43 PST"]
[Termination "Game drawn by agreement"]

1. e4 c5 2. Nf3 Nc6 3. Bb5 g6 4.
Bxc6 bxc6 5. O-O Bg7 6. Re1 Rb8 7. Nc3 Nf6 8. e5 Nd5 9. Ne4 O-O 10. Nxc5 d6 11.
exd6 exd6 12. Nb3 a5 13. d4 a4 14. Nbd2 a3 15. Nb3 axb2 16. Bxb2 c5 17. c4 Nf4 18.
Qd2 Qf6 19. Re3 Bg4 20. Ne1 Rfe8 21. f3 Bd7 22. Nc2 Qg5 23. Rae1 Rxe3 24. Nxe3 Ba4 25. Nd5 Bxb3 26. Nxf4 Bxc4 27. Bc3 Bxa2 28. g3 Bc4 29. dxc5 Qxc5+ 30. Kh1 Bxc3 31. Qxc3 Bd5 32. Qd3 Bc6 33.
Kg2 Rb2+ 34. Kh3 Bd7+ 35. g4 Qf2 36. Re2 Qf1+ 37. Kh4 Rxe2 38. Qxe2 Qxe2 39. Nxe2 f6 40. Kg3 Kf7 41. Nc3 Ke6 42. h3 Bc6 43. Kf4 g5+ 44. Ke3 Ke5 45. Ne2 Bb7 46. f4+ gxf4+ 47. Nxf4 d5 48.
Nd3+ Kd6 49. Kd4 Ba6 50. Nf4 Bf1 51. h4 Bc4 52. Nh5 Ke7 53. Nf4 Kd6 54. Ng2 Be2 55.
Ne3 Ke6 56. Nxd5 Bxg4 57. Nf4+ Kf5 58. Ke3 h6 59. Ng2 Bd1 60. Kf2 Ba4 61. Kg3 Bc6 62. Ne3+ Kg6 63. Kf4 Bd7 64. Kg3 Kh5 65. Nd5 Kg6 66. Kf4 Be6 67. Ne3 Kh5 68. Kg3 Kg6 69. Kf4 f5 70. Ng2 Kf6 71. Kg3 Bd5 72. Nf4 Bf7 73. Ne2 Ke5 74. Nf4 Ke4 75. Ne2 Ke3 76.
Nf4 Bc4 77. Nh5 Be2 78. Nf4 Bd1 79. Nd5+ Kd4 80. Nf4 Ke4 81. Ng6 Bg4 82. Nf4 Ke3 83. Nd5+ Kd4 84. Nf4 Ke5 85. Ng6+ Kf6 86. Nf4 Bd1 87. Nd3 Bc2 88. Nf4 Be4 89. Ne2 1/2-1/2

[Event "*** Titled Tuesday Blitz"]
[Site "Chess.com"]
[Date "2019.01.01"]
[Round "2"]
[White "1e41-0"]
[Black "Viaje"]
[Result "1-0"]
[WhiteElo "2537"]
[BlackElo "2367"]
[TimeControl "180+2"]
[EndTime "13:24:53 PST"]
[Termination "1e41-0 won by resignation"]

1. d4 Nf6 2. c4 c5 3. d5 b5 4.
cxb5 a6 5. Nc3 axb5 6. e4 b4 7. Nb5 d6 8. a4 g6 9. Bc4 Bg7 10. Qe2 O-O 11. f3 Nbd7 12. Bf4 Nb6 13. g4 Nxc4 14.
Qxc4 e5 15. Bg5 Ba6 16. Ne2 Qd7 17. Kf2 Rab8 18. b3 h6 19. Bh4 Nh7 20. Rhg1 Kh8 21. Ke3 h5 22. gxh5 Bh6+ 23. Kf2 gxh5 24. Ng3 Qh3 25. Nf5 Rg8 26. Bg3 Bf4 27. Nbxd6 Bxg3+ 28. hxg3 Qxf5 29. exf5 Bxc4 30. Nxc4 Rgd8 31. Rad1 Nf6 32. d6 e4 33. Rge1 exf3 34. Kxf3 Kg7 35. Re7 Rd7 36. Rxd7 Nxd7 37. Kf4 Kf6 38. Ne3 Rh8 39.
Nd5+ Kg7 40. Re1 h4 41. g4 h3 42. g5 h2 43. f6+ Kf8 44. Nc7 Kg8 45. Rh1 Rh3 46.
a5 Kh7 47. a6 Kg6 48. a7 Nb6 49.
Kg4 Rd3 50. Rxh2 Rd4+ 51. Kf3 Kxg5 52. Rg2+ Kxf6 53. a8=Q Nxa8 54. Nxa8 Rxd6 55. Nc7 Rd3+ 56. Ke4 Rxb3 57. Kd5 Rc3 58. Nb5 Rc1 59. Nd6 Ke7 60. Nc4 b3 61. Kxc5 f5 62. Kb4 Kf6 63. Kxb3 f4 64.
Nb2 Kf5 65. Rf2 Ke4 66. Re2+ Kf3 67. Re8 Kg2 68. Rg8+ Kf3 69. Rf8 Ke3 70. Re8+ Kf3 71. Nd3 Rd1 72. Kc2 Rh1 73. Rf8 Rh4 74. Kd2 Rh2+ 75.
Kc3 Rh4 76. Kd4 Kg3 77. Rg8+ Rg4 78. Rf8 Rh4 79. Ke4 f3+ 80. Ke3 Kg4 81. Rf4+ Kg5 82. Rxf3 Rh8 83. Nf2 Re8+ 84. Ne4+ Kg4 85. Rf7 Re6 86.
Kd4 Kh3 87. Ng5+ Kg4 1-0

[Event "*** Titled Tuesday Blitz"]
[Site "Chess.com"]
[Date "2019.01.01"]
[Round "2"]
[White "Tulipaz"]
[Black "Berardino"]
[Result "0-1"]
[WhiteElo "2491"]
[BlackElo "2407"]
[TimeControl "180+2"]
[EndTime "13:24:57 PST"]
[Termination "Berardino won by checkmate"]

1. e4 c5 2. Nf3 b6 3. d3 Bb7 4.
Nbd2 e6 5. g3 Nf6 6. Bg2 d5 7. O-O dxe4 8. Ng5 Be7 9. Ngxe4 Nxe4 10.
Nxe4 Nc6 11. Qh5 O-O 12. Bg5 Bxg5 13. Nxg5 h6 14. Ne4 Qe7 15. f4 Nd4 16. Rf2 f5 17. Nc3 Bxg2 18. Rxg2 Qf6 19. Re1 Rad8 20. Rd2 Rd7 21. Qd1 Rfd8 22. Re5 Nc6 23. Re1 c4 24. Qe2 Nd4 25. Qf2 Nc6 26. Qe3 cxd3 27.
Rxd3 Rxd3 28. cxd3 Nd4 29. Kf2 Rc8 30. Qe5 Qxe5 31. Rxe5 Kf7 32. Ke3 Rd8 33. Ne2 Nc2+ 34. Kd2 Nb4 35. Re3 Nxa2 36. Nc3 Nb4 37. Nb5 Rd7 38.
Re1 Nxd3 39. Ra1 Nxf4+ 40. Ke1 Nd3+ 41. Kf1 Nxb2 42. Ra2 Nc4 43. Nxa7 Kf6 44. Nc8 b5 45. Ra8 Rd8 46. Ke2 Nd6 47. Nb6 Rxa8 48. Nxa8 Ke5 49. Kd3 Ne4 50. Nc7 b4 51. Na6 b3 52.
Nb4 g5 53. Ke3 b2 54. Nd3+ Kf6 55. Nxb2 g4 56. Nd3 Ng5 57. Kf2 h5 58. Nf4 Nf3 59.
Nxh5+ Kg5 60. Ng7 e5 61. h4+ Kf6 62. Ne8+ Ke6 63. Nc7+ Kd6 64. Nb5+ Kc5 65. Nc7 Kd6 66. Nb5+ Ke6 67. Na3 f4 68. Nc4 Nd4 69. Nd2 Nf5 70. Ne4 Nxg3 71. Nc5+ Kf5 72. Nd3 e4 73. Nc5 e3+ 74.
Kg2 Nh5 75. Nd3 f3+ 76. Kf1 g3 77. Kg1 Ke4 78. Nc5+ Kd5 79. Nd3 e2 80. Kh1 Kd4 81. Nf4 Nxf4 82. h5 e1=Q# 0-1

[Event "*** Titled Tuesday Blitz"]
[Site "Chess.com"]
[Date "2019.01.01"]
[Round "2"]
[White "TheBigBadChessDad"]
[Black "albi1999"]
[Result "1/2-1/2"]
[WhiteElo "2290"]
[BlackElo "2464"]
[TimeControl "180+2"]
[EndTime "13:25:02 PST"]
[Termination "Game drawn by agreement"]

1. d4 d5 2. Bf4 Nf6 3. e3 e6 4. Nd2 c5 5. c3 Nc6 6. Ngf3 cxd4 7. cxd4 Qb6 8. Rb1 Nh5 9. Bg3 Nxg3 10. hxg3 Bd6 11.
a3 h6 12. Bd3 Bd7 13. O-O O-O 14. b4 Ne7 15. Nb3 Rac8 16. Nc5 Rc7 17. Qd2 Rfc8 18. Rfc1 Be8 19. g4 Qc6 20. g5 hxg5 21. Nxg5 b6 22. Nb3 Qa4 23. Rxc7 Rxc7 24. Qb2 Bb5 25. Bxb5 Qxb5 26.
Rc1 Rxc1+ 27. Qxc1 Qc4 28. Qd1 g6 29. Qf3 Nf5 30. Nd2 Qc2 31. Nf1 Be7 32. Nxf7 Kxf7 33. g4 a5 34. bxa5 bxa5 35. gxf5 Qxf5 36. Qxf5+ gxf5 37. a4 Bb4 38. Kg2 Kf6 39. f4 Kg6 40. Nh2 Be7 41. Nf3 Bf6 42. Kg3 Kh5 43. Nd2 Be7 44. Nb3 Bb4 45. Nc5 Kg6 46. Nxe6 Bd6 47. Nc5 Kf6 48. Nd3 Bf8 49. Ne5 Ke6 50. Kh4 Bb4 51.
Kg3 Be1+ 52. Kf3 Bb4 53. Nc6 Bc3 54. Ke2 Kd6 55. Ne5 Ke6 56. Kd3 Be1 57. Nc6 Kd6 58.
Na7 Bb4 59. Ke2 Ke6 60. Kf3 Bd2 61. Nb5 Bb4 62. Nc7+ Kd6 63. Ne8+ Ke7 64. Ng7 Kf6 65. Nh5+ Ke6 66. Ng3 Be1 67. Ne2 Kf6 68. Nc1 Ke6 69. Nb3 Bb4 70. Kg3 Be7 71. Kh3 Bd8 72. Kg3 Kd6 73. Kf3 Ke6 74. Nc5+ Kf6 75. Kg3 Be7 76.
Nd7+ Ke6 77. Nc5+ Kf6 78. Nd3 Ba3 79. Kh4 Be7 80. Kh5 Bf8 81. Ne5 Bb4 82. Nc6 Bd2 83.
Kh4 Bxe3 84. Kg3 Bd2 85. Kf3 Ke6 86. Ne5 Bc3 87. Ke3 Bb4 88. Nc6 Kd6 89. Ne5 Ke6 90. Kf3 1/2-1/2

[Event "*** Titled Tuesday Blitz"]
[Site "Chess.com"]
[Date "2019.01.01"]
[Round "2"]
[White "mersad_98"]
[Black "tarantul1"]
[Result "1/2-1/2"]
[WhiteElo "2638"]
[BlackElo "2371"]
[TimeControl "180+2"]
[EndTime "13:25:10 PST"]
[Termination "Game drawn by agreement"]

1. e4 c5 2. Nf3 e6 3. d4 cxd4 4. Nxd4 Nf6 5. Nc3 d6 6. Bd3 Nc6 7. Nb3 Be7 8. O-O O-O 9. f4 a6 10. a4 b6 11. Qe2 Bb7 12. Rd1 Nb4 13. Be3 Nxd3 14. cxd3 Nd7 15. Rac1 Nc5 16. Nd2 d5 17.
b4 d4 18. bxc5 dxe3 19. Nb3 bxc5 20. Qxe3 Rc8 21. Nb1 Qd7 22. Rc4 Rfd8 23. Nc3 a5 24. Nxc5 Rxc5 25. Rxc5 Bxc5 26. Qxc5 Rc8 27. Qb5 Bc6 28.
Qxa5 Qd4+ 29. Kf1 Ra8 30. Nb5 Qe3 31. Qd2 Qxd2 32. Rxd2 Rxa4 33. Nc3 Ra1+ 34. Rd1 Ra3 35. Rc1 Kf8 36. Ke2 Ke7 37. Ke3 Bd7 38. Kd4 f6 39.
e5 Ra5 40. Rb1 fxe5+ 41. fxe5 Kd8 42. Rf1 Ke7 43. g3 h6 44. Rb1 Kd8 45. Rb8+ Bc8 46. Rb6 Kc7 47. Rb2 Bb7 48. Ra2 Rxa2 49. Nxa2 Kd7 50.
Nb4 Kc7 51. Kc5 Bf3 52. d4 Be4 53. Na6+ Kb7 54. Nb4 Kc7 55. d5 exd5 56. Nxd5+ Kd7 57. Nf4 Ke7 58. Kd4 Bf3 59. Ke3 Bd1 60. h4 g5 61. hxg5 hxg5 62. Nh3 Ke6 63. Kd4 Kf5 64. Nf2 Bb3 65. g4+ Kf4 66. Kc3 Be6 67. Kd4 Kf3 68. Ne4 Kxg4 69. Nc5 Kf5 70. Nb7 g4 71. Nd6+ Kf4 72.
Ne4 Bf5 73. Nc3 Kf3 74. Nd5 g3 75. Ne3 Be6 76. Kd3 Kf4 77. Kd4 Kf3 78. Kd3 Kf4 79.
Ke2 Kxe5 80. Kf3 Kf6 81. Kxg3 1/2-1/2

[Event "*** Titled Tuesday Blitz"]
[Site "Chess.com"]
[Date "2019.01.01"]
[Round "2"]
[White "pultineviciuspaulius"]
[Black "Paralinch"]
[Result "0-1"]
[WhiteElo "2607"]
[BlackElo "2906"]
[TimeControl "180+2"]
[EndTime "13:25:11 PST"]
[Termination "Paralinch won by resignation"]

1. d4 c6 2. Nf3 d5 3. Bf4 Bf5 4. Nbd2 e6 5. e3 Nd7 6. c3 Ngf6 7. Be2 h6 8. O-O Be7 9. Ne1 O-O 10. Bd3 Bxd3 11.
Nxd3 c5 12. dxc5 Nxc5 13. Nxc5 Bxc5 14. Qe2 Qb6 15. Nb3 Be7 16. c4 Rac8 17. cxd5 Nxd5 18. Be5 a5 19. Bd4 Qb4 20. e4 Nf4 21. Qg4 Ng6 22.
Bc3 Qb5 23. Bxa5 Bf6 24. Rab1 Rc2 25. Qd1 Rfc8 26. Bc3 Qe2 27. Bxf6 gxf6 28. Nd4 Qxd1 29. Rfxd1 R2c5 30. f3 h5 31. Rd2 h4 32. g3 Kg7 33. Rbd1 Rh8 34. Rc2 Rch5 35. g4 Ra5 36. a3 Nf4 37. Kf2 Kg6 38. Ke3 e5 39. Nf5 Ne6 40. Rd7 Rb5 41. Rcd2 Rb3+ 42. R7d3 Rb6 43.
Rd6 Rb3+ 44. R6d3 Rb6 45. Ne7+ Kg5 46. Nf5 Kg6 47. Rc3 Nf4 48. b4 h3 49. Rd6 Rxd6 50. Nxd6 Rd8 51. Nxb7 Rd1 52. b5 Re1+ 53. Kd2 Re2+ 54.
Kd1 Rxh2 55. Rc8 Kh7 56. Nd6 Rb2 57. Nxf7 Kg7 58. Rh8 Kxf7 59. a4 h2 60. b6 Rxb6 61. Rxh2 Rb3 62. Ra2 Ke6 63. a5 Rb7 64. a6 Ra7 65. Kd2 Kd6 66. Ke3 Ne6 67. Kf2 Nc5 68. Kg3 Rxa6 69. Rd2+ Ke7 70. g5 fxg5 71. Kg4 Kf6 72. Rd8 Ne6 73. Rh8 Ra3 74. Rh6+ Kf7 75.
Kf5 Rxf3+ 76. Kxe5 Ng7 77. Kd4 g4 78. Rh4 g3 79. Rg4 Nh5 80. Ke5 Rf6 81. Rg5 Rg6 82.
Rf5+ Ke7 83. Rf1 g2 84. Rg1 Rg5+ 85. Kd4 Nf4 86. Ke3 Nh3 87. e5 Nxg1 88. Kf4 Rg8 0-1

[Event "*** Titled Tuesday Blitz"]
[Site "Chess.com"]
[Date "2019.01.01"]
[Round "2"]
[White "Maikrosoft63"]
[Black "MFBerna"]
[Result "0-1"]
[WhiteElo "2483"]
[BlackElo "2313"]
[TimeControl "180+2"]
[EndTime "13:25:18 PST"]
[Termination "MFBerna won by checkmate"]

1. e4 c6 2. d4 d5 3. exd5 cxd5 4. Bf4 Nc6 5. c3 Bf5 6. Nd2 e6 7. Ngf3 Bd6 8. Bxd6 Qxd6 9. Nh4 Bg6 10. Nxg6 hxg6 11.
g3 Nge7 12. Bd3 Rb8 13. O-O O-O 14. b4 Rbc8 15. f4 Nf5 16. Re1 Nce7 17. Rc1 g5 18.
fxg5 Nxg3 19. Qg4 Ngf5 20. Nf3 g6 21. Ne5 Kg7 22. Bxf5 Nxf5 23. Nd3 Rh8 24. Ne5 Rh4 25.
Qg2 Rch8 26. Re2 Qc7 27. Rcc2 Qc8 28. Ng4 Qd8 29. Nf6 Rh3 30. Qf2 Qb8 31. Re5 Nh4 32. Re3 Rxe3 33. Qxe3 Nf5 34. Qe5 Qxe5 35. dxe5 Rh4 36.
a4 Ne3 37. Rc1 Nc4 38. a5 Nxe5 39. Kg2 Rc4 40. Kg3 Nd3 41. Rc2 d4 42. Ne4 dxc3 43. Rxc3 Rxc3 44. Nxc3 Nxb4 45. Nb5 Nc6 46. Kf4 a6 47. Nd6 Nxa5 48. Ke5 b5 49. Kd4 Nc4 50. Ne8+ Kf8 51. Nc7 Nd2 52. Nxa6 Nf3+ 53. Ke3 Nxg5 54. Nc7 b4 55. Na6 b3 56. Kd3 Nf3 57. h3 Ng1 58. h4 Nf3 59. Nc5 b2 60. Kc2 Nxh4 61. Kxb2 Nf5 62. Kc3 Ke7 63. Kd3 Nd6 64. Ke3 f5 65.
Kf4 Kf7 66. Ke5 Nc4+ 67. Kf4 e5+ 68. Kg5 Nd6 69. Nd7 Ne4+ 70. Kh4 Ke6 71. Nf8+ Kf6 72.
Nd7+ Ke6 73. Nf8+ Kf7 74. Nd7 g5+ 75. Kh3 g4+ 76. Kh4 Ke6 77. Nf8+ Kd5 78. Ng6 Nd6 79. Ne7+ Ke4 80. Kg3 Nf7 81. Ng8 Ng5 82. Nf6+ Kd3 83. Nd7 Ne4+ 84. Kg2 Kd4 85. Nf8 f4 86. Ne6+ Ke3 87.
Ng7 f3+ 88. Kh1 g3 89. Nf5+ Kf2 90. Nh4 g2+ 91. Kh2 g1=Q+ 92. Kh3 Qg3# 0-1

[Event "*** Titled Tuesday Blitz"]
[Site "Chess.com"]
[Date "2019.01.01"]
[Round "2"]
[White "2nd_life"]
[Black "farzadbfd"]
[Result "1/2-1/2"]
[WhiteElo "2379"]
[BlackElo "2501"]
[TimeControl "180+2"]
[EndTime "13:25:20 PST"]
[Termination "Game drawn - insufficient material"]

1. e4 e5 2. f4 Bc5 3. Nf3 d6 4. Nc3 Nc6 5. Bc4 Bg4 6. Na4 Nd4 7. Be2 Bxf3 8. Bxf3 exf4 9. Nxc5 dxc5 10. O-O Ne7 11. d3 Ng6 12. Bh5 Ne6 13. Kh1 Qd4 14. Qg4 Ne5 15.
Qxe6+ Kd8 16. Qb3 g6 17. Be2 g5 18. Qxb7 Kd7 19. c3 Qd6 20. d4 cxd4 21. cxd4 Nc6 22. Bb5 Rhb8 23. Qa6 Rb6 24. Qa4 Rab8 25. Bxc6+ Qxc6 26. Qxc6+ Rxc6 27. Rf2 Rc4 28. h4 h6 29. Rd2 Rbb4 30. hxg5 hxg5 31. a3 Rb3 32. Kg1 Re3 33. e5 Re1+ 34. Kf2 Rexc1 35. Rxc1 Rxc1 36. Kf3 Ke6 37. Kg4 f6 38. exf6 Kxf6 39. d5 Rg1 40. b4 Ra1 41. d6 cxd6 42. Rxd6+ Ke5 43. Ra6 Ra2 44. Kf3 g4+ 45. Kxg4 Rxg2+ 46. Kf3 Rg3+ 47.
Kf2 Rg7 48. b5 Ke4 49. Re6+ Kf5 50. Ra6 Rc7 51. b6 Rc2+ 52. Kf1 axb6 53. Rxb6 Kg4 54.
Rb3 Ra2 55. Rc3 Kf5 56. Rb3 Ke4 57. Rc3 Ra1+ 58. Kf2 Rb1 59. a4 Rb2+ 60. Kf1 Ra2 61. Rc4+ Ke3 62. Rc3+ Ke4 63. Rc4+ Kf3 64. Rc3+ Kg4 65.
Rb3 Rxa4 66. Rc3 Rb4 67. Ra3 Kf5 68. Rc3 Ke4 69. Ra3 Rb5 70. Rc3 Rd5 71. Kf2 Rd2+ 72. Kf1 Kd4 73. Ra3 Ke4 74. Rb3 Kf5 75. Ra3 Kg4 76.
Rb3 Ra2 77. Rc3 Rb2 78. Ra3 Rb4 79. Rc3 Rb8 80. Ra3 Re8 81. Rb3 f3 82. Rb7 Rg8 83. Kf2 Rf8 84. Rb4+ Kg5 85. Rc4 Rf4 86. Rc8 Rf7 87. Rc4 Rf4 88. Rc8 Kh4 89. Rg8 Rf7 90. Rg3 Kh5 91. Rxf3 Rxf3+ 92. Kxf3 1/2-1/2

[Event "*** Titled Tuesday Blitz"]
[Site "Chess.com"]
[Date "2019.01.01"]
[Round "2"]
[White "Gubajdullin"]
[Black "pedromartinez91"]
[Result "0-1"]
[WhiteElo "2435"]
[BlackElo "2422"]
[TimeControl "180+2"]
[EndTime "13:25:25 PST"]
[Termination "pedromartinez91 won on time"]

1. d4 Nf6 2. Bf4 d6 3. e3 g6 4. Nf3 Bg7 5. Be2 O-O 6. O-O Nbd7 7. h3 Qe8 8. c3 e5 9. Bh2 Qe7 10. Na3 Re8 11. Nb5 e4 12. Nxc7 exf3 13. Bxf3 Nb6 14.
Nxa8 Nxa8 15. Qa4 a6 16. Qb4 Bf8 17. Rfe1 d5 18. Qxe7 Bxe7 19. Be5 Nb6 20. b3 Nbd7 21. Bg3 Nf8 22. c4 Be6 23. cxd5 Bxd5 24. Bxd5 Nxd5 25. Rac1 Ba3 26. Rc4 f5 27. Ra4 Bb4 28. Rc1 f4 29. Bxf4 Nxf4 30. exf4 Bd2 31. Rd1 Bxf4 32. d5 Bd6 33.
Kf1 Nd7 34. Rc4 Kf7 35. Rc2 Nc5 36. h4 Re4 37. g3 h5 38. Re2 Kf6 39. Rxe4 Nxe4 40.
Rd3 Ke5 41. Ke2 Nf6 42. Rf3 Nxd5 43. Rf7 Ne7 44. a4 Ke6 45. Rf8 Bc5 46. Kd3 b6 47. Kc4 a5 48. Kb5 Nd5 49. Rf3 Nf6 50. Rf4 Ke5 51. f3 Nd5 52. Rc4 Kd6 53. Ka6 Kc6 54. Re4 Nc7+ 55. Ka7 b5+ 56. Kb8 Bd6 57. g4 Ne6+ 58.
Kc8 Nc5 59. axb5+ Kxb5 60. Re3 Kc6 61. gxh5 gxh5 62. Kd8 Kd5 63. Ke8 Bf4 64. Rc3 Be5 65.
Rc4 Nxb3 66. Ra4 Bc3 67. Kf7 Nc5 68. Ra2 Ke5 69. Kg6 Kf4 70. Kxh5 Kxf3 71. Ra3 Ne4 72. Kg6 Kg4 73. h5 Bb4 74. Ra2 Nc3 75. Rg2+ Kh3 76.
h6 Kxg2 77. h7 Kf3 78. h8=Q Ke3 79. Qg8 Kd3 80. Qb3 Kd4 81. Kf5 Kc5 82. Ke5 a4 83. Qf7 a3 84. Qc7+ Kb5 85. Kd4 a2 86. Qa7 Ba5 87. Qd7+ Kb4 88. Qb7+ Ka3 89. Qh1 Nb1 90.
Qh3+ Bc3+ 91. Kd3 a1=Q 92. Qc8 Kb2 0-1

[Event "*** Titled Tuesday Blitz"]
[Site "Chess.com"]
[Date "2019.01.01"]
[Round "2"]
[White "Kirill_Klukin"]
[Black "Hrant_ChessMood"]
[Result "1-0"]
[WhiteElo "2601"]
[BlackElo "2954"]
[TimeControl "180+2"]
[EndTime "13:25:34 PST"]
[Termination "Kirill_Klukin won by resignation"]

1. Nf3 c5 2. e3 Nf6 3. d4 d5 4.
Bd3 Nbd7 5. O-O g6 6. b3 Bh6 7.
Bb2 O-O 8. Nbd2 b6 9. c4 cxd4 10. Bxd4 Bb7 11. Ne5 Nc5 12. Be2 Ne6 13. Bb2 d4 14. exd4 Nxd4 15. Ndf3 Nxe2+ 16. Qxe2 Qc8 17. Rad1 Qc7 18. Rfe1 Rad8 19. h3 Bg7 20. Rxd8 Qxd8 21. Ng5 h6 22. Ngxf7 Rxf7 23. Nxf7 Kxf7 24. Qe6+ Kf8 25.
Ba3 Ng8 26. Qxg6 Bf6 27. Re6 Qd4 28. Re3 Bc8 29. Rd3 Qa1+ 30. Kh2 Qe5+ 31. g3 Qc7 32. Rf3 Qe5 33. Rd3 Qc7 34. Rf3 Qc6 35. Rf4 Bb7 36. f3 Bc8 37. Qd3 Be6 38. Qd8+ Kf7 39.
Qd3 a5 40. Qh7+ Kf8 41. Qg6 Bf7 42. Qd3 a4 43. h4 axb3 44. axb3 Qa8 45. Bb4 Qa2+ 46. Kg1 Qa1+ 47. Kg2 Qb2+ 48. Kh3 h5 49. g4 Qf2 50. Qf5 Qxh4+ 51. Kg2 hxg4 52. fxg4 Be8 53.
g5 Bc6+ 54. Kg1 Qh1+ 55. Kf2 Qg2+ 56. Ke1 Qg1+ 57. Ke2 Qh2+ 58. Ke1 Qg3+ 59. Ke2 Qh2+ 60. Ke1 Qh1+ 61. Ke2 Qg2+ 62. Ke1 Qg3+ 63. Ke2 Qxb3 64. gxf6 Qb2+ 65. Kf1 Qc1+ 66. Kf2 Qb2+ 67. Kf1 Qa1+ 68.
Kf2 Qa2+ 69. Kf1 Qa1+ 70. Kf2 Qb2+ 71. Kf1 Qg2+ 72. Ke1 Qg1+ 73. Ke2 Qh2+ 74. Rf2 Qh4 75. fxe7+ Kg7 76. Bc3+ Kh6 77. Qf8+ Kh5 78. e8=Q+ Bxe8 79. Qxe8+ Kh6 80. Qf8+ Kh5 81. Rf5+ Kg6 82. Qxg8+ Kxf5 83. Qd5+ Kg6 84. Qe6+ Kh7 85. Qf7+ Kh6 86. Qg7+ Kh5 87.
Qh7+ Kg4 88. Qxh4+ Kxh4 89. Bd4 b5 90. cxb5 1-0

[Event "*** Titled Tuesday Blitz"]
[Site "Chess.com"]
[Date "2019.01.01"]
[Round "2"]
[White "kuli4ik"]
[Black "belisarius64"]
[Result "1-0"]
[WhiteElo "2815"]
[BlackElo "2559"]
[TimeControl "180+2"]
[EndTime "13:26:49 PST"]
[Termination "kuli4ik won by checkmate"]

1. Nf3 c5 2. g3 g6 3. Bg2 Bg7 4. O-O Nc6 5. c3 e5 6. d3 Nge7 7. a3 a5 8. a4 O-O 9. Na3 d5 10. e4 d4 11. Qc2 f6 12. Nd2 Be6 13. Ndc4 Rc8 14. Rd1 f5 15. exf5 Nxf5 16. Re1 Rc7 17. Nd2 Bd5 18. Ne4 b6 19. Bg5 Qd7 20. Nb5 Rcc8 21.
Re2 c4 22. Rd1 Qe6 23. Ree1 h6 24. Bc1 cxd3 25. Qxd3 Bb3 26. Rd2 Bxa4 27. Rde2 Bb3 28. Nd2 Bd5 29. Bxd5 Qxd5 30. Qc4 Nce7 31. Qxd5+ Nxd5 32. Ne4 dxc3 33. bxc3 Rfd8 34. Rd1 Nde7 35. Red2 Nc6 36.
Ba3 Bf8 37. Bxf8 Kxf8 38. Rd7 Nfe7 39. Kg2 Rxd7 40. Rxd7 Rd8 41. Rc7 Rd5 42. c4 Rd3 43.
Rb7 Nd4 44. Rxb6 Nxb5 45. Rxb5 a4 46. Rxe5 a3 47. Ra5 Nc6 48. Ra4 Rb3 49. Nc5 Rc3 50. Ne4 Rb3 51. c5 Rb4 52. Ra8+ Ke7 53. Nd6 Rb3 54.
Nc4 Rb5 55. Rxa3 Rxc5 56. Nd2 Kf7 57. Ra6 Ne7 58. Ne4 Re5 59. f3 Re6 60. Ra7 Kf8 61.
h4 Nf5 62. Kh3 Rc6 63. g4 Ne7 64. Kg3 Re6 65. Rb7 Rc6 66. Ra7 Re6 67. Nc5 Re1 68. Kf2 Rc1 69. Nd7+ Kf7 70. Ne5+ Ke6 71. Nd3 Rc2+ 72.
Kg3 Kf6 73. Nf4 Rc6 74. Rb7 Ng8 75. Nd5+ Ke6 76. Nf4+ Kf6 77. h5 gxh5 78. Nxh5+ Ke6 79. Rg7 Ne7 80. Rh7 Kd5 81. Nf4+ Kd6 82. Rxh6+ Kd7 83.
Rh7 Ke8 84. Nh5 Kf8 85. Rh8+ Kf7 86. Ra8 Ng6 87. Ra7+ Kf8 88. Ra3 Ne5 89. f4 Ng6 90.
Re3 Rc4 91. f5 Ne7 92. Nf4 Nc6 93. Ra3 Kf7 94. Rd3 Ne5 95. Re3 Nc6 96. Re6 Nd4 97. Rh6 Rc3+ 98. Kh4 Nf3+ 99. Kh5 Ne5 100. Rh7+ Kg8 101. Re7 Nf7 102. g5 Rg3 103. Re8+ Kg7 104. f6+ Kh7 105. g6+ Rxg6 106. Nxg6 Nh6 107. Rh8# 1-0

[Event "*** Titled Tuesday Blitz"]
[Site "Chess.com"]
[Date "2019.01.01"]
[Round "2"]
[White "pedroholly22"]
[Black "tteshan"]
[Result "0-1"]
[WhiteElo "2230"]
[BlackElo "2130"]
[TimeControl "180+2"]
[EndTime "13:26:58 PST"]
[Termination "tteshan won by resignation"]

1. e4 c5 2. Nf3 Nc6 3. d4 cxd4 4. Nxd4 g6 5. Nc3 Bg7 6. Be3 Nf6 7. Bc4 O-O 8. Bb3 Ng4 9. Qxg4 Nxd4 10. Rd1 d5 11.
Qg3 Nxb3 12. axb3 d4 13. Ne2 Qa5+ 14. Bd2 Qb6 15. O-O Bd7 16. Nf4 Bc6 17. Nd5 Bxd5 18. exd5 Rad8 19. Rfe1 Rfe8 20. Bg5 f6 21. Re6 Qc5 22.
Bf4 Qxd5 23. Ree1 e5 24. Bd2 f5 25. Rb1 e4 26. Ra1 a6 27. Ra5 Qd6 28. Rc1 Qxg3 29.
hxg3 e3 30. Be1 Kf7 31. Rd1 e2 32. Rd2 Bh6 33. Rd3 Re4 34. f4 Bf8 35. Kf2 Bd6 36. Rd2 Bb4 37. Rxe2 Bxa5 38. Bxa5 Rde8 39. Rd2 Ke6 40. Bb6 Kd5 41. c3 R8e6 42. Bxd4 Kc6 43. Be5 a5 44. Rd8 Re7 45. Rc8+ Kb5 46. c4+ Kb6 47. Rd8 a4 48. bxa4 Rxc4 49. b3 Rc2+ 50. Kg1 Rc1+ 51. Kh2 Rb1 52. Rd3 Re6 53. g4 fxg4 54. Kg3 Kc5 55. Kxg4 Kb4 56. Rd7 b6 57. Rxh7 Rxb3 58. Ra7 Ra3 59. Rg7 Rxa4 60. g3 Ra6 61.
Kg5 b5 62. g4 Kc4 63. Rc7+ Kb3 64. Rc3+ Ka4 65. Rc1 b4 66. Bb2 Kb3 67. f5 gxf5 68.
gxf5 Re2 69. Bd4 Rg2+ 70. Kf4 Rd6 71. Ke5 Rd8 72. f6 Re2+ 73. Kf4 Rxd4+ 74. Kf3 Re6 75.
Rc8 Rxf6+ 76. Ke3 Rc4 77. Rd8 Rc3+ 78. Kd2 Kb2 79. Rb8 b3 80. Rh8 Rf2+ 81. Ke1 Rg2 82. Kf1 Rgc2 83. Ke1 Rg3 84. Kf1 Kb1 85. Rd8 Rh3 86.
Kg1 b2 87. Rd7 Kc1 88. Rf7 Rd3 89. Rf2 Rd1+ 90. Kg2 b1=Q 91. Kg3 Qb3+ 92. Kg2 Qd5+ 93. Kg3 Qg5+ 94. Kf3 Rd3+ 95. Ke4 Qe3+ 96. Kf5 Rd5+ 97.
Kg4 Rc6 98. Rf1+ Kd2 99. Rf4 Qxf4+ 100. Kxf4 Rc4+ 101. Kf3 Rd3+ 102. Kf2 Rc2 103. Kf1 Re3 104. Kf2 Kd3+ 105. Kf1 Rh3 106. Kg1 Ke3 0-1